FSL
BREVARD COUNTY MANATEES @ ST. LUCIE METS
07/24/2099
 
TOP OF THE 1ST
Brevard County Manatees batting - Pitching for St. Lucie Mets : RHP Julio Rolon
Pitching: RHP Julio Rolon
Batting: RHB Rich Molyneaux 0-0: Swinging Strike
0-1: Called Strike
0-2: Strikes out swinging
Batting: RHB Aidan Bembury 0-0: Swinging Strike
0-1: Ball
1-1: Foul Ball, location: 2F
1-2: Ball
2-2: Hit by Pitch
Batting: LHB James Fortson 0-0: Ball
1-0: Ball
2-0: Ball
Aidan Bembury steals 2nd base
3-0: Base on Balls
Batting: LHB Matt Gollnick 0-0: Foul Ball, location: 25F
0-1: Foul Ball, location: 2F
0-2: Strikes out looking
Batting: RHB Kevin Cannon 0-0: Called Strike
0-1: Fly out, F8 (Flyball, 89S, EV 75.6 MPH)
Top of the 1st over - 0 runs, 0 hits, 0 errors, 2 left on base; Brevard County 0 - St. Lucie 0
BOTTOM OF THE 1ST
St. Lucie Mets batting - Pitching for Brevard County Manatees : RHP Jon Bartolone
Pitching: RHP Jon Bartolone
Batting: SHB Martin Fornes 0-0: Foul Ball, location: 3SF
0-1: SINGLE (Groundball, 6S, EV 62.5 MPH) (infield hit)
Batting: LHB Victor Vargas 0-0: Swinging Strike
0-1: Ball
1-1: Ball
2-1: Foul Ball, location: 2F
2-2: Foul Ball, location: 25F
2-2: Ball
3-2: Base on Balls
Martin Fornes to second
Batting: RHB Ethan Robinson 0-0: Ball
1-0: Foul Ball, location: 2F
1-1: Ball
2-1: Foul Ball, location: 25F
2-2: Fly out, F7 (Flyball, 7, EV 91.3 MPH)
Batting: LHB Jamie Heath 0-0: Ball
1-0: Foul Ball, location: 7LDF
1-1: Foul Ball, location: 3F
1-2: Ball
2-2: SINGLE (Flyball, 3D, EV 84.4 MPH)
Martin Fornes to third
Victor Vargas to second
Batting: RHB Craig Dennison 0-0: Called Strike
0-1: Ball
1-1: Foul Ball, location: 9LDF
1-2: Ball
2-2: Ball
3-2: Strikes out swinging
Batting: RHB Ray Partipilo 0-0: Called Strike
0-1: Ball
1-1: Ball
2-1: Swinging Strike
2-2: Foul Ball, location: 2F
2-2: Strikes out swinging
Bottom of the 1st over - 0 runs, 2 hits, 0 errors, 3 left on base; Brevard County 0 - St. Lucie 0
TOP OF THE 2ND
Brevard County Manatees batting - Pitching for St. Lucie Mets : RHP Julio Rolon
Batting: RHB Juan Vicente 0-0: Ball
1-0: Swinging Strike
1-1: Foul Ball, location: 2F
1-2: Ball
2-2: Strikes out swinging
Batting: RHB Jose Tarango 0-0: Foul Ball, location: 2F
0-1: Called Strike
0-2: Strikes out swinging
Batting: LHB Travis Konikowski 0-0: Called Strike
0-1: Called Strike
0-2: Ball
1-2: Ball
2-2: Ball
3-2: Strikes out swinging
Top of the 2nd over - 0 runs, 0 hits, 0 errors, 0 left on base; Brevard County 0 - St. Lucie 0
BOTTOM OF THE 2ND
St. Lucie Mets batting - Pitching for Brevard County Manatees : RHP Jon Bartolone
Batting: RHB John Pennell 0-0: Ball
1-0: Foul Ball, location: 9LMF
1-1: Ground out 5-3 (Groundball, 56, EV 87.5 MPH)
Batting: RHB Luis Medina 0-0: Ball
1-0: Called Strike
1-1: Foul Ball, location: 2F
1-2: Foul Ball, location: 5DF
1-2: Ball
2-2: Strikes out looking
Batting: RHB Tony Galicia 0-0: Called Strike
0-1: Ground out 6-3 (Groundball, 6, EV 79.4 MPH)
Bottom of the 2nd over - 0 runs, 0 hits, 0 errors, 0 left on base; Brevard County 0 - St. Lucie 0
TOP OF THE 3RD
Brevard County Manatees batting - Pitching for St. Lucie Mets : RHP Julio Rolon
Batting: RHB Tony Silva 0-0: Foul Ball, location: 2F
0-1: Fly out, F2 (Popup, 2RF, EV 87.5 MPH)
Batting: RHB Rich Molyneaux 0-0: Ball
1-0: Ball
2-0: Foul Ball, location: 3FF
2-1: DOUBLE (Line Drive, 89M, EV 98.1 MPH)
Batting: RHB Aidan Bembury 0-0: Ball
1-0: Called Strike
Rich Molyneaux steals 3rd base
1-1: Swinging Strike
1-2: Ball
2-2: SINGLE (Groundball, 5D, EV 95.0 MPH)
Rich Molyneaux scores
Batting: LHB James Fortson 0-0: Ball
1-0: Ball
2-0: Ball
3-0: Base on Balls
Aidan Bembury to second
Batting: LHB Matt Gollnick 0-0: Foul Ball, location: 25F
0-1: Called Strike
0-2: Ball
1-2: Ball
2-2: Ball
3-2: SINGLE (Flyball, 8LS, EV 89.4 MPH)
Aidan Bembury to third
James Fortson to second
Runner from 3rd tries for Home, SAFE, throw by CF to home
Batting: RHB Kevin Cannon 0-0: Ball
1-0: Ball
2-0: Fly out, F7 (Line Drive, 78M, EV 98.1 MPH)
Batting: RHB Juan Vicente 0-0: Ball
1-0: Fly out, F9 (Flyball, 9S, EV 75.6 MPH)
Top of the 3rd over - 2 runs, 3 hits, 0 errors, 2 left on base; Brevard County 2 - St. Lucie 0
BOTTOM OF THE 3RD
St. Lucie Mets batting - Pitching for Brevard County Manatees : RHP Jon Bartolone
Batting: SHB Martin Fornes 0-0: Called Strike
0-1: Foul Ball, location: 25F
0-2: Fly out, F7 (Line Drive, 7, EV 96.9 MPH)
Batting: LHB Victor Vargas 0-0: Ground out 5-3 (Groundball, 56, EV 84.4 MPH)
Batting: RHB Ethan Robinson 0-0: Ball
1-0: Called Strike
1-1: Foul Ball, location: 2F
1-2: Foul Ball, location: 2F
1-2: Strikes out swinging
Bottom of the 3rd over - 0 runs, 0 hits, 0 errors, 0 left on base; Brevard County 2 - St. Lucie 0
TOP OF THE 4TH
Brevard County Manatees batting - Pitching for St. Lucie Mets : RHP Julio Rolon
Batting: RHB Jose Tarango 0-0: Ball
1-0: Ball
2-0: Foul Ball, location: 5F
2-1: Foul Ball, location: 2F
2-2: Strikes out looking
Batting: LHB Travis Konikowski 0-0: Ball
1-0: Called Strike
1-1: Ball
2-1: Fly out, F8 (Flyball, 89M, EV 74.4 MPH)
Batting: RHB Tony Silva 0-0: Called Strike
0-1: Foul Ball, location: 3SF
0-2: Ball
1-2: Ball
2-2: Ball
3-2: Fly out, F7 (Flyball, 7D, EV 92.5 MPH)
Top of the 4th over - 0 runs, 0 hits, 0 errors, 0 left on base; Brevard County 2 - St. Lucie 0
BOTTOM OF THE 4TH
St. Lucie Mets batting - Pitching for Brevard County Manatees : RHP Jon Bartolone
Batting: LHB Jamie Heath 0-0: Ball
1-0: SINGLE (Line Drive, 7LM, EV 110.6 MPH)
Batting: RHB Craig Dennison 0-0: Called Strike
0-1: DOUBLE (Line Drive, 9LD, EV 90.0 MPH)
Jamie Heath to third
Batting: RHB Ray Partipilo 0-0: Ball
1-0: Ball
2-0: Ball
3-0: Called Strike
3-1: Fly out, F9 (Flyball, 9D, EV 86.9 MPH)
Runner from 3rd tags up, SCORES, no throw by RF
Batting: RHB John Pennell 0-0: Ball
1-0: Swinging Strike
1-1: Ball
2-1: Foul Ball, location: 2F
2-2: Ball
3-2: Base on Balls
Batting: RHB Luis Medina 0-0: Ball
1-0: Foul Ball, location: 3SF
1-1: Ball
2-1: Foul Ball, location: 7LMF
2-2: Foul Ball, location: 2F
2-2: Strikes out looking
Batting: RHB Tony Galicia 0-0: Ball
1-0: SINGLE (Line Drive, 34D, EV 96.9 MPH)
Craig Dennison to third
John Pennell to second
Runner from 3rd tries for Home, SAFE, throw by RF to home
Batting: SHB Martin Fornes 0-0: Ball
1-0: Called Strike
1-1: Ball
2-1: Fly out, F8 (Flyball, 8RD, EV 110.6 MPH)
Bottom of the 4th over - 2 runs, 3 hits, 0 errors, 2 left on base; Brevard County 2 - St. Lucie 2
TOP OF THE 5TH
Brevard County Manatees batting - Pitching for St. Lucie Mets : RHP Julio Rolon
Batting: RHB Rich Molyneaux 0-0: Ball
1-0: Ground out 6-3 (Groundball, 6, EV 105.0 MPH)
Batting: RHB Aidan Bembury 0-0: Called Strike
0-1: SINGLE (Line Drive, 4D, EV 99.4 MPH)
Batting: LHB James Fortson 0-0: Ball
Aidan Bembury is caught stealing 2nd base 2-6
1-0: Ball
2-0: Foul Ball, location: 2F
2-1: Ball
3-1: DOUBLE (Line Drive, 78XD, EV 101.9 MPH)
Batting: LHB Matt Gollnick 0-0: Ball
1-0: Foul Ball, location: 7LSF
1-1: Ball
2-1: Swinging Strike
2-2: Foul Ball, location: 2F
2-2: Ball
Wild Pitch!
James Fortson to third
3-2: Foul Ball, location: 2LF
3-2: Foul Ball, location: 2F
3-2: Foul Ball, location: 5DF
3-2: Strikes out swinging
Top of the 5th over - 0 runs, 2 hits, 0 errors, 1 left on base; Brevard County 2 - St. Lucie 2
BOTTOM OF THE 5TH
St. Lucie Mets batting - Pitching for Brevard County Manatees : RHP Jon Bartolone
Batting: LHB Victor Vargas 0-0: Ball
1-0: Called Strike
1-1: Foul Ball, location: 2F
1-2: Foul Ball, location: 3SF
1-2: Strikes out looking
Batting: RHB Ethan Robinson 0-0: Ball
1-0: Ball
2-0: Foul Ball, location: 2F
2-1: Swinging Strike
2-2: SINGLE (Line Drive, 8RS, EV 95.0 MPH)
Batting: LHB Jamie Heath 0-0: Fly out, F9 (Flyball, 9S, EV 94.4 MPH)
Batting: RHB Craig Dennison 0-0: Foul Ball, location: 9LSF
0-1: Ball
1-1: Fly out, F4 (Popup, 34D, EV 67.5 MPH)
Bottom of the 5th over - 0 runs, 1 hit, 0 errors, 1 left on base; Brevard County 2 - St. Lucie 2
TOP OF THE 6TH
Brevard County Manatees batting - Pitching for St. Lucie Mets : RHP Julio Rolon
Batting: RHB Kevin Cannon 0-0: Called Strike
0-1: Ball
1-1: Foul Ball, location: 2F
1-2: Ball
2-2: Foul Ball, location: 7LSF
2-2: Ground out 6-3 (Groundball, 56, EV 102.5 MPH)
Pitching: LHP Jason Webb
Batting: RHB Juan Vicente 0-0: Ball
1-0: Swinging Strike
1-1: Called Strike
1-2: DOUBLE (Line Drive, 9LS, EV 105.0 MPH)
Batting: RHB Jose Tarango 0-0: Foul Ball, location: 2F
0-1: Ball
1-1: Ball
2-1: Ground out 6-3 (Groundball, 56D, EV 85.6 MPH)
Batting: LHB Travis Konikowski 0-0: Ball
1-0: Called Strike
1-1: Ball
2-1: Swinging Strike
2-2: Strikes out swinging
Top of the 6th over - 0 runs, 1 hit, 0 errors, 1 left on base; Brevard County 2 - St. Lucie 2
BOTTOM OF THE 6TH
St. Lucie Mets batting - Pitching for Brevard County Manatees : RHP Jon Bartolone
Batting: RHB Ray Partipilo 0-0: Fly out, F8 (Flyball, 8RM, EV 90.6 MPH)
Batting: RHB John Pennell 0-0: Ball
1-0: Foul Ball, location: 2F
1-1: Fly out, F9 (Flyball, 9, EV 93.8 MPH)
Batting: RHB Luis Medina 0-0: SINGLE (Groundball, 4MD, EV 100.6 MPH)
Batting: RHB Tony Galicia 0-0: Ball
1-0: Foul Ball, location: 7LMF
1-1: Ball
Luis Medina is caught stealing 2nd base 2-4
Bottom of the 6th over - 0 runs, 1 hit, 0 errors, 0 left on base; Brevard County 2 - St. Lucie 2
TOP OF THE 7TH
Brevard County Manatees batting - Pitching for St. Lucie Mets : LHP Jason Webb
Batting: RHB Tony Silva 0-0: Called Strike
0-1: Ball
1-1: Called Strike
1-2: Strikes out looking
Batting: RHB Rich Molyneaux 0-0: Ball
1-0: Called Strike
1-1: Ball
2-1: Foul Ball, location: 2F
2-2: Strikes out swinging passed ball, reaches first!
Batting: RHB Aidan Bembury 0-0: Called Strike
0-1: Ball
1-1: Swinging Strike
1-2: Ball
2-2: Ball
3-2: Strikes out swinging
Rich Molyneaux steals 2nd base
Batter strikes out.
Batting: SHB Kyle Carlson 0-0: SINGLE (Line Drive, 8LS, EV 88.8 MPH)
Rich Molyneaux to third
Runner from 3rd tries for Home, SAFE, throw by CF to home
Batting: LHB Matt Gollnick 0-0: Ball
1-0: Foul Ball, location: 9LMF
1-1: Ball
Kyle Carlson is caught stealing 2nd base 2-6
Top of the 7th over - 1 run, 1 hit, 0 errors, 0 left on base; Brevard County 3 - St. Lucie 2
BOTTOM OF THE 7TH
St. Lucie Mets batting - Pitching for Brevard County Manatees : RHP Jon Bartolone
Batting: RHB Tony Galicia 0-0: Called Strike
0-1: Ball
1-1: Ground out 6-3 (Groundball, 6, EV 87.5 MPH)
Batting: SHB Martin Fornes 0-0: Ball
1-0: Swinging Strike
1-1: Ball
2-1: Ball
3-1: Base on Balls
Batting: LHB Victor Vargas 0-0: Called Strike
0-1: Called Strike
0-2: Ball
Wild Pitch!
Martin Fornes to second
1-2: Ball
2-2: Fly out, F7 (Line Drive, 78M, EV 101.3 MPH)
Batting: RHB Ethan Robinson 0-0: Ball
1-0: Foul Ball, location: 23FF
1-1: Ball
2-1: Fly out, F9 (Flyball, 89S, EV 81.3 MPH)
Bottom of the 7th over - 0 runs, 0 hits, 0 errors, 1 left on base; Brevard County 3 - St. Lucie 2
TOP OF THE 8TH
Brevard County Manatees batting - Pitching for St. Lucie Mets : LHP Jason Webb
Batting: LHB Matt Gollnick 0-0: Ball
1-0: Ball
2-0: Swinging Strike
2-1: Ball
3-1: Foul Ball, location: 2F
3-2: Base on Balls
Pitching: RHP Mike Brown
Batting: RHB Kevin Cannon 0-0: Ball
1-0: Swinging Strike
1-1: Ball
2-1: Called Strike
2-2: Ball
3-2: Base on Balls
Matt Gollnick to second
Pinch Runner at 2nd Hector Moya:
Batting: RHB Juan Vicente 0-0: Ball
1-0: Ball
2-0: Called Strike
2-1: Swinging Strike
2-2: Ball
3-2: Base on Balls
Hector Moya to third
Kevin Cannon to second
Batting: RHB Jose Tarango 0-0: Ball
1-0: Called Strike
1-1: Foul Ball, location: 3DF
1-2: Strikes out swinging
Pitching: LHP Mike Knoblock
Batting: LHB Travis Konikowski 0-0: Ball
Wild Pitch!
Hector Moya scores
Kevin Cannon to third
Juan Vicente to second
1-0: Ball
2-0: Called Strike
2-1: Foul Ball, location: 2LF
2-2: Strikes out swinging
Batting: RHB Tony Silva 0-0: Swinging Strike
0-1: Ball
1-1: SINGLE (Line Drive, 9LS, EV 88.1 MPH)
Kevin Cannon scores
Juan Vicente to third
Batting: RHB Rich Molyneaux 0-0: Ball
1-0: Ground out 5-3 (Groundball, 56S, EV 67.5 MPH)
Top of the 8th over - 2 runs, 1 hit, 0 errors, 2 left on base; Brevard County 5 - St. Lucie 2
BOTTOM OF THE 8TH
St. Lucie Mets batting - Pitching for Brevard County Manatees : RHP Jon Bartolone
Now at 1B: Eric Deitchman
Now in RF: Josh Shippee
Batting: LHB Jamie Heath 0-0: Foul Ball, location: 2F
0-1: Ball
1-1: Foul Ball, location: 3F
1-2: Ball
2-2: SINGLE (Line Drive, 6MD, EV 103.8 MPH)
Batting: RHB Craig Dennison 0-0: Ball
1-0: Swinging Strike
1-1: Foul Ball, location: 2F
1-2: Ball
2-2: Fly out, F8 (Flyball, 8RD, EV 93.8 MPH)
Batting: RHB Ray Partipilo 0-0: Called Strike
0-1: 2-RUN HOME RUN (Flyball, 78XD, EV 101.3 MPH), Distance : 397 ft
Batting: RHB John Pennell 0-0: Ball
1-0: Ball
2-0: Ball
3-0: Called Strike
3-1: Base on Balls
Pinch Hitting: LHB Jon Chavez 0-0: Ball
1-0: Ball
2-0: Foul Ball, location: 9LDF
2-1: Swinging Strike
2-2: Foul Ball, location: 5FF
2-2: Ball
3-2: Fly out, F8 (Flyball, 8RXD, EV 88.8 MPH)
Batting: RHB Tony Galicia 0-0: Ball
1-0: Called Strike
1-1: Foul Ball, location: 2F
1-2: Ground out U3 (Groundball, 34S, EV 88.1 MPH)
Bottom of the 8th over - 2 runs, 2 hits, 0 errors, 1 left on base; Brevard County 5 - St. Lucie 4
TOP OF THE 9TH
Brevard County Manatees batting - Pitching for St. Lucie Mets : LHP Mike Knoblock
Now at 3B: Willie Alfonso
Now at SS: Tony Galicia
Batting: RHB Aidan Bembury 0-0: Ball
1-0: SINGLE (Line Drive, 7LS, EV 98.1 MPH)
Batting: SHB Kyle Carlson 0-0: Called Strike
0-1: Ball
1-1: Ball
2-1: Foul Ball, location: 2F
2-2: Ball
3-2: Fly out, F7 (Flyball, 7D, EV 101.9 MPH)
Batting: LHB Josh Shippee 0-0: Fly out, F7 (Flyball, 7, EV 92.5 MPH)
Batting: RHB Kevin Cannon 0-0: Ball
1-0: Called Strike
1-1: Foul Ball, location: 3FF
1-2: Foul Ball, location: 5FF
1-2: Fly out, F9 (Line Drive, 9LM, EV 105.0 MPH)
Top of the 9th over - 0 runs, 1 hit, 0 errors, 1 left on base; Brevard County 5 - St. Lucie 4
BOTTOM OF THE 9TH
St. Lucie Mets batting - Pitching for Brevard County Manatees : RHP Jon Bartolone
Pitching: RHP Jason Havens
Batting: SHB Martin Fornes 0-0: Foul Ball, location: 2F
0-1: Foul Ball, location: 2F
0-2: Ball
1-2: Ball
2-2: Ball
3-2: Foul Ball, location: 7LDF
3-2: Base on Balls
Batting: LHB Victor Vargas 0-0: Ball
1-0: Ball
2-0: Ball
3-0: Called Strike
3-1: Base on Balls
Martin Fornes to second
Batting: RHB Ethan Robinson 0-0: Called Strike
0-1: Ball
1-1: Called Strike
1-2: Foul Ball, location: 2F
1-2: Strikes out looking
Batting: LHB Jamie Heath 0-0: Ball
1-0: Ball
2-0: Called Strike
2-1: Ball
3-1: Base on Balls
Martin Fornes to third
Victor Vargas to second
Batting: RHB Craig Dennison 0-0: Called Strike
0-1: Foul Ball, location: 2F
0-2: Ball
1-2: Ball
2-2: Ball
3-2: Strikes out swinging
Batting: RHB Ray Partipilo 0-0: Ball
1-0: Swinging Strike
1-1: Ball
2-1: Ball
3-1: Called Strike
3-2: Strikes out swinging
Bottom of the 9th over - 0 runs, 0 hits, 0 errors, 3 left on base; Brevard County 5 - St. Lucie 4
Sunday, May 12th , 2024 - OOTP Baseball 24.11 Build 85